 Dungeon Crawl Stone Soup version 0.30-b1-2-g02819fbbbe (webtiles) character file.

Game seed: 2361930333176543302

9 MajorAdolf the Magician (level 2, 23/25 HPs)
             Began as a Naga Wanderer on Aug 30, 2023.
             Quit the game on level 1 of the Dungeon.
             The game lasted 00:00:41 (162 turns).

MajorAdolf the Magician (Naga Wanderer)              Turns: 162, Time: 00:00:41

Health: 23/25      AC:  2    Str: 16    XL:     2   Next: 12%
Magic:  6/6        EV:  9    Int: 10    God:
Gold:   24         SH:  0    Dex: 10    Spells: 6/7 levels left

rFire   . . .        a - +2 hand axe
rCold   . . .        (no shield)
rNeg    . . .        e - +0 leather armour
rPois   +            (no helmet)
rElec   .            (no cloak)
rCorr   .            (no gloves)
SInv    +            (no barding)
Will    .....        (no amulet)
Stlth   +            (no ring)
HPRegen 0.24/turn    (no ring)
MPRegen 0.10/turn

%: no passive effects
@: very slow
A: AC +0, large, see invisible, deformed body, poison resistance, slowness 2,
spit poison 1, naga tail 1
a: Spit Poison


You were on level 1 of the Dungeon.
You visited 1 branch of the dungeon, and saw 1 of its levels.

You collected 24 gold pieces.

Inventory:

Hand Weapons
 a - a +2 hand axe (weapon)
 c - a +0 dagger
Missiles
 b - 9 poisoned darts
Armour
 e - a +0 leather armour (worn)
Scrolls
 f - 2 scrolls of summoning {unknown}
Potions
 d - a potion of haste


   Skills:
 + Level 1.1 Fighting
 + Level 2.1 Axes
 + Level 1.2 Throwing
 + Level 1.1 Armour
 + Level 2.0 Stealth
 + Level 3.0 Spellcasting
 + Level 1.1 Summonings


You had 6 spell levels left.
You knew the following spells:

 Your Spells              Type           Power      Damage    Failure   Level
a - Summon Small Mammal   Summ           12%        N/A       22%         1

Your spell library contained the following spells:

 Spells                   Type           Power      Damage    Failure   Level
 Summon Guardian Golem    Hex/Summ       2%         N/A       63%         3


Dungeon Overview and Level Annotations

Branches:
Dungeon (1/15)

Altars:


Innate Abilities, Weirdness & Mutations

Your serpentine skin is tough. (AC +0)
You have supernaturally acute eyesight. (SInv)
Armour fits poorly on your strangely shaped body.
Your system is resistant to poisons. (rPois)
You cover ground very slowly.
You can spit poison.
You have a snake-like lower body.


Message History

Unknown command.
Your rat barely misses the frilled lizard.
The frilled lizard bites your rat.
Your rat dies!
Your rat's corpse disappears in a puff of smoke!
The frilled lizard bites you.
A frilled lizard is nearby!
You barely miss the frilled lizard.
The frilled lizard barely misses you. x2
You hit the frilled lizard.
You kill the frilled lizard!
Your Stealth skill increases to level 2!
A jackal comes into view.
The jackal moves out of view.
No target in view!
A jackal comes into view.
The jackal moves out of view.
You now have 24 gold pieces (gained 9).
You see here a frilled lizard corpse.
No target in view!
A giant cockroach comes into view.
Found a stone staircase leading down.
A giant cockroach is nearby!
A dart slug comes into view.
The giant cockroach barely misses you.
The giant cockroach bites you but does no damage.
There are monsters nearby!
You hit the giant cockroach.
The giant cockroach is heavily wounded.
The giant cockroach barely misses you.
There are monsters nearby!
You barely miss the giant cockroach.
The giant cockroach is heavily wounded.
The giant cockroach bites you. The dart slug launches a dart at you.
The slug dart hits you.
You hit the giant cockroach.
You kill the giant cockroach!
Unknown command.
Okay, then.
Are you sure you want to abandon this character and quit the game? (Confirm with "yes".)

..PP..P.....#.####
........†........#
...P.P..#..#.###.#
...♣♣♣..#........# ...♣
♣P.##.#.#######..
...♣♣♣P.##.#............
........##†..#######....
........##.#........?...
..P.P.P..#.##.##@##....
...♣♣♣...#....##........
P.P♣ ♣...######..>......
..P♣♣♣..## #.#...#...
..PPP.P.# w. ##.# ##
........# .## ..
######.## . ## # #.# #
#.#


You could see a dart slug.

Vanquished Creatures
  A bat (D:1)
  A giant cockroach (D:1)
  2 hobgoblins (D:1)
  2 ball pythons (D:1)
  2 frilled lizards (D:1)
8 creatures vanquished.

Vanquished Creatures (collateral kills)
  A kobold (D:1)
1 creature vanquished.

Vanquished Creatures (others)
  30 plants (D:1)
30 creatures vanquished.

Grand Total: 39 creatures vanquished

Notes
Turn   | Place    | Note
-------+----------+-------------------------------------------
     0 | D:1      | MajorAdolf the Naga Wanderer began the quest for the Orb.
     0 | D:1      | MajorAdolf set off with the following items: a +2 hand axe,
                  | 9 poisoned darts, a +0 dagger, a potion of haste, a +0
                  | leather armour; and the following spell memorised: Summon
                  | Small Mammal; and the following spells available to
                  | memorise: Summon Guardian Golem.
     0 | D:1      | Reached XP level 1. HP: 18/18 MP: 4/4
   117 | D:1      | Reached XP level 2. HP: 20/25 MP: 4/6
   162 | D:1      | Quit the game

Illustrated notes

Levels and vault maps discovered:
D:1:      tarquinn_simple_flora_water_f, layout_basic, serial_shops,
          nicolae_shop_hallway_plus, nicolae_ecumenical_snake_handling,
          kennysheep_boxes

Skill      XL: |  1  2 |
---------------+-------+-----
Stealth        | 2 |  2.0
Fighting       | |  1.1
Axes           | |  2.1
Throwing       | |  1.2
Armour         | |  1.1
Spellcasting   | |  3.0
Summonings     | |  1.1

Action                     || total
---------------------------++-------
  Melee: Hand axe          ||    16
   Cast: Summon Small Mamm ||     5
Ability: Spit Poison       ||     1
 Armour: Leather armour    ||     3
  Dodge: Dodged            ||    11
